 Dungeon Crawl Stone Soup version 0.19.0-11-g3fc08b3 (webtiles) character file.

19 inmateoo the Cudgeler (level 2, 0/27 HPs)
             Began as an Ogre Wanderer on Nov 8, 2016.
             Slain by a kobold (3 damage)
             ... on level 1 of the Dungeon.
             The game lasted 00:00:37 (414 turns).

inmateoo the Cudgeler (Ogre Wanderer)                Turns: 414, Time: 00:00:38

Health: 0/27       AC:  3    Str: 16    XL:     2   Next: 75%
Magic:  3/3        EV:  9    Int: 12    God:
Gold:   18         SH:  0    Dex:  8    Spells: 0 memorised, 3 levels left

rFire  . . .     SeeInvis .     c - +0 mace
rCold  . . .     Gourm    .     d - +0 robe
rNeg   . . .     Faith    .     (no shield)
rPois  .         Spirit   .     (helmet restricted)
rElec  .         Reflect  .     (no cloak)
rCorr  .         Harm     .     (gloves unavailable)
MR     .....                    (boots unavailable)
Stlth  +.........               (no amulet)
                                (no ring)
                                (no ring)

@: no status effects
A: unfitting armour, tough skin 1
a: no special abilities


You were on level 1 of the Dungeon.
You were not hungry.

You visited 1 branch of the dungeon, and saw 1 of its levels.

You collected 18 gold pieces.

Inventory:

Hand Weapons
 c - a +0 mace (weapon)
Armour
 d - a +0 robe (worn)
Wands
 a - a wand of confusion (15/48)
Scrolls
 g - a scroll of random uselessness {unknown}
 h - a scroll of magic mapping {unknown}
 i - a scroll of amnesia {unknown}
 l - a scroll of identify {unknown}
Potions
 e - a potion of ambrosia {unknown}
 k - a potion of heal wounds {unknown}
Books
 b - Vetaut's Papyrus of Evil Arts

   Spells                             Type                      Level
   a - Corpse Rot                     Necromancy                   2
   b - Sublimation of Blood           Necromancy                   2
Comestibles
 f - a bread ration
 j - a meat ration


   Skills:
 - Level 1.3 Fighting
 + Level 3.5 Maces & Flails
 - Level 1.0 Dodging
   Level 1.0 Shields
 - Level 1.2 Spellcasting
   Level 1.0 Necromancy
   Level 2.1 Transmutations
 - Level 1.0 Evocations


You had 3 spell levels left.
You didn't know any spells.

Dungeon Overview and Level Annotations

Branches:
Dungeon (1/15)

Altars:


Innate Abilities, Weirdness & Mutations

You are too large for most types of armour.
You have tough skin. (AC +1)


Message History

You are too injured to fight recklessly!
You are too injured to fight recklessly!
You are too injured to fight recklessly!
You are too injured to fight recklessly!
You are too injured to fight recklessly!
You are too injured to fight recklessly!
You are too injured to fight recklessly!
You are too injured to fight recklessly!
You are too injured to fight recklessly!
Unknown command.
You hit the kobold but do no damage.
The kobold is severely wounded.
The kobold closely misses you. The kobold hits you with a whip.
* * * LOW HITPOINT WARNING * * *
Unknown command.
You see here a scroll labeled WITEHAI GASKOF.
The kobold throws a stone.
The stone closely misses you.
There is a stone staircase leading down here.
The kobold hits you.
You die...

#.#.# ###...# #..#
##.#>###....(# #..#
#....#...##..# #..#
#...##.####..# #..#
#..###.#
##.#######..######
..##...#
#................
.†##.###
#.####......#####
##...# #.####(.....#
##.###
#....@......#######.
#..#
######K..............#
..## #K..............#
### #.......#####...#
# ###.....#[$?#...#
#.....#$!!#...#
#...?.#($[#..#
#.....#####..#
###.....)....#


You could see 2 kobolds.

Vanquished Creatures
  A leopard gecko (D:1)
  3 goblins (D:1)
  A hobgoblin (D:1)
  4 jackals (D:1)
  4 bats (D:1)
  A kobold (D:1)
  3 rats (D:1)
17 creatures vanquished.

Notes
Turn   | Place    | Note
-------+----------+-------------------------------------------
     0 | D:1      | inmateoo the Ogre Wanderer began the quest for the Orb.
     0 | D:1      | inmateoo set off with: a wand of confusion (15/48), Vetaut's Papyrus of Evil Arts, a +0 mace, a +0 robe, a bread ration
     0 | D:1      | Reached XP level 1. HP: 19/19 MP: 2/2
     8 | D:1      | Identified Vetaut's Papyrus of Evil Arts
    23 | D:1      | Reached skill level 2 in Maces & Flails
    89 | D:1      | Reached XP level 2. HP: 11/27 MP: 3/3
    92 | D:1      | Reached skill level 3 in Maces & Flails
   414 | D:1      | Slain by a kobold

Skill      XL: |  1  2 |
---------------+-------+-----
Maces & Flails | 2 3 |  3.5
Fighting       | |  1.3
Dodging        | |  1.0
Shields        | |  1.0
Spellcasting   | |  1.2
Necromancy     | |  1.0
Transmutations | |  2.1
Evocations     | |  1.0

Action                   || total
-------------------------++-------
Melee: Mace              ||    66
Armor: Robe              ||    34
Dodge: Dodged            ||    54
